 Dungeon Crawl Stone Soup version 0.31-a0-816-gd61d57ddb1 (webtiles) character file.

Game seed: 14449926309082737464

77 Essalna the Conjurer (level 4, 0/30 HPs)
             Began as a Demonspawn Conjurer on Sept 22, 2023.
             Slain by a jackal (2 damage)
             ... on level 3 of the Dungeon.
             The game lasted 00:02:31 (2758 turns).

Essalna the Conjurer (Demonspawn Conjurer)          Turns: 2758, Time: 00:02:32

Health: 0/30       AC:  2    Str:  7    XL:     4   Next: 13%
Magic:  8/8        EV: 17    Int: 23    God:
Gold:   97         SH:  0    Dex: 12    Spells: 6/9 levels left

rFire   + . .        o - +8 whip of Goedd {flame, rF+ Int+2 Stlth+}
rCold   . . .        (no shield)
rNeg    . . .        a - +0 robe
rPois   .            (no helmet)
rElec   .            (no cloak)
rCorr   .            (no gloves)
SInv    .            (no boots)
Will    .....        (no amulet)
Stlth   +++          k - +5 ring of evasion
HPRegen 0.25/turn    (no ring)
MPRegen 0.11/turn

%: no passive effects
@: studying Air Magic
A: foul stench 1, demonic magic 1, demonic touch 1
a: no special abilities


You were on level 3 of the Dungeon.
You visited 1 branch of the dungeon, and saw 3 of its levels.

You collected 97 gold pieces.

Inventory:

Hand Weapons
 o - the +8 whip of Goedd (weapon) {flame, rF+ Int+2 Stlth+}
   (You found it on level 2 of the Dungeon)

   Int+2:     It affects your intelligence (+2).
   rF+:       It protects you from fire.
   Stlth+:    It makes you more stealthy.
Armour
 a - a +0 robe (worn)
Jewellery
 c - a ring of resist corrosion
 k - a +5 ring of evasion (left hand)
Scrolls
 d - a scroll of teleportation {unknown}
 e - a scroll of fear {unknown}
 g - a scroll of butterflies {unknown}
 h - 2 scrolls of enchant weapon {unknown}
 l - a scroll of poison {unknown}
 n - a scroll of enchant armour {unknown}
Potions
 b - a potion of magic
 f - a potion of attraction {unknown}
 i - 2 potions of lignification {unknown}
 j - a potion of curing {unknown}
 m - a potion of haste {unknown}


   Skills:
 - Level 1.7 Dodging
 - Level 1.7 Stealth
 + Level 3.2 Spellcasting
 + Level 4.9 Conjurations


You had 6 spell levels left.
You knew the following spells:

 Your Spells              Type           Power      Damage    Failure   Level
a - Magic Dart            Conj           100%       1d8       1%          1
b - Searing Ray           Conj           52%        2d6       2%          2

Your spell library contained the following spells:

 Spells                   Type           Power      Damage    Failure   Level
 Momentum Strike          Conj/Tloc      30%        3d8       6%          2
 Dazzling Flash           Conj/Hex       30%        N/A       12%         3
 Blink                    Tloc           6%         N/A       17%         2
 Lesser Beckoning         Tloc           6%         N/A       17%         2
 Fulminant Prism          Conj/Hex       7%         3d7       38%         4
 Iskenderun's Mystic Bla  Conj/Tloc      15%        2d5       38%         4


Dungeon Overview and Level Annotations

Branches:
Dungeon (3/15)

Altars:
Wu Jian


Innate Abilities, Weirdness & Mutations

You may rarely emit foul miasma when damaged in melee.
Spells you cast may paralyse adjacent enemies.
Your touch may inflict minor irresistible damage on your foes.


Message History

* * * LOW HITPOINT WARNING * * *
The jackal barely misses you. x2
The jackal closely misses you. The jackal misses you.
The jackal closely misses you. The jackal barely misses you.
The jackal closely misses you. The jackal closely misses you.
The jackal misses you. The jackal closely misses you.
The jackal closely misses you. The jackal barely misses you. x2
The jackal barely misses you. The jackal barely misses you.
The jackal bites you but does no damage.
The jackal bites you but does no damage.
The jackal bites you but does no damage.
The jackal closely misses you. The jackal barely misses you.
The jackal closely misses you. The jackal barely misses you.
The jackal misses you. The jackal completely misses you.
The jackal completely misses you.
The jackal bites you but does no damage.
The jackal misses you. The jackal closely misses you. The jackal misses you.
The jackal bites you.
* * * LOW HITPOINT WARNING * * *
The jackal closely misses you. The jackal bites you.
* * * LOW HITPOINT WARNING * * *
The jackal barely misses you. x2
The jackal completely misses you.
The jackal bites you but does no damage.
The jackal barely misses you.
The jackal bites you but does no damage.
The jackal bites you.
* * * LOW HITPOINT WARNING * * *
The jackal barely misses you. The jackal misses you. The jackal misses you.
The jackal closely misses you. The jackal completely misses you.
The jackal bites you.
You die...

.###......#....# .#
##†.........# .##
##.........# ..##
#.####)...+ ...###.#
##...# .......# ##..#
.......# #..### #####
#.#.#...# #....#......
#.#.#....# #..#@h......
#.#.#..........###......
#.#.##........## ##...
#.#.#######..## ## #.#.#
##. #. ..


You could see a jackal.

Vanquished Creatures
  3 adders
  2 dart slugs (D:2)
  5 ball pythons
  3 bats
  5 endoplasms
  3 giant cockroaches
  5 goblins
  2 hobgoblins (D:2)
  2 jackals (D:3)
  A quokka (D:1)
  5 frilled lizards
  4 kobolds
  7 rats
47 creatures vanquished.

Notes
Turn   | Place    | Note
-------+----------+-------------------------------------------
     0 | D:1      | Essalna the Demonspawn Conjurer began the quest for the
                  | Orb.
     0 | D:1      | Reached XP level 1. HP: 13/13 MP: 3/3
   141 | D:1      | Found a faded altar of an unknown god.
   181 | D:1      | Noticed a shining eye
   181 | D:1      | Noticed a great orb of eyes
   332 | D:1      | Gained mutation: You may rarely emit foul miasma when
                  | damaged in melee. [demonic ancestry]
   332 | D:1      | Reached XP level 2. HP: 19/19 MP: 0/5
   390 | D:1      | Noticed an eye of devastation
   395 | D:1      | Noticed an eye of devastation
  1681 | D:2      | Gained mutation: Spells you cast may paralyse adjacent
                  | enemies. [demonic ancestry]
  1681 | D:2      | Reached XP level 3. HP: 24/24 MP: 5/7
  2077 | D:2      | Learned a level 2 spell: Searing Ray
  2336 | D:2      | Identified the +8 whip of Goedd {flame, rF+ Int+2 Stlth+}
  2500 | D:2      | Found an ornate altar of the Wu Jian Council.
  2502 | D:2      | You fall into a shaft and drop 1 floor!
  2538 | D:3      | Gained mutation: Your touch may inflict minor irresistible
                  | damage on your foes. [demonic ancestry]
  2538 | D:3      | Reached XP level 4. HP: 30/30 MP: 5/8
  2754 | D:3      | HP: 1/30 [jackal (3)]
  2758 | D:3      | Slain by a jackal

Illustrated notes

Levels and vault maps discovered:
D:1:      wander_arrival_fairy_ring, layout_basic, serial_forest,
          infiniplex_forest_straight_2, infiniplex_forest_clump_diagonal,
          infiniplex_forest_clump_double, infiniplex_forest_fountain,
          hellmonk_ecumenical_altar_watching_god, palyth_stone_intersect
D:2:      layout_loops_corners, basic_altar
D:3:      layout_basic, hangedman_decor_growths, dreamdust_mushroom_princess

Skill      XL: |  1  2  3 |
---------------+----------+-----
Spellcasting   | 3 |  3.2
Dodging        | |  1.7
Stealth        | |  1.7
Conjurations   | |  4.9

Action                     |  1- 3 |  4- 6 || total
---------------------------+-------+-------++-------
   Cast: Magic Dart        |    83 |     1 ||    84
 Armour: Robe              |     2 |    57 ||    59
  Dodge: Dodged            |     3 |   151 ||   154

Table legend: (Time is in decaauts)
 A = Elapsed time spent in this place.
 B = Non-inter-level travel time spent in this place.
 C = Inter-level travel time spent in this place.
 D = Time resting spent in this place.
 E = Time spent auto-exploring this place.
 F = Levels seen in this place.
 G = Mean time per level.
                   A        B        C        D        E       F      G
               +--------+--------+--------+--------+--------+-----+--------+
         Total |   2756 |   2752 |      4 |      0 |   2423 |   3 |  918.7 |
       Dungeon |   2756 |   2752 |      4 |      0 |   2423 |   3 |  918.7 |
               +--------+--------+--------+--------+--------+-----+--------+

Top non-repeatable levels by time:
     D:2: 1256 daAuts
     D:1: 1244 daAuts
     D:3: 255 daAuts
